Map: Disco Bloodbath LE

Players

GecwulfX

  • Race: Zerg Zerg
  • League: Silver
  • Spawn Location: 3:00

nsbd - Winner!

  • Race: Terran Terran
  • League: Gold
  • Spawn Location: 9:00

VOD

Have the link to the VOD?

Description

Time

  • Played on: Sept. 23, 2019, 1:02 p.m.
  • Length: 21:41
Show
View Real Time Build Order
Export as new Build Order

GecwulfX Zerg 

Build Orders: Pool First 

Get SALT Encoding   

  12  0:08  Overlord  
  12  0:21  Extractor  
  11  0:22  Drone x2  
  11  0:24  Drone  
  14  0:47  Spawning Pool  
  13  0:52  Overlord  
  13  1:03  Overlord  
  13  1:09  Drone  
  14  1:13  Drone  
  15  1:32  Drone  
  15  1:34  Queen  
  18  1:40  Drone  
  18  1:42  Drone  
  20  1:57  Drone  
  21  2:17  Zergling x4  
  21  2:18  Hatchery  
  22  2:26  Zergling x2  
  23  2:35  Zergling x2  
  24  2:43  Zergling x2  
  25  2:52  Roach Warren  
  24  3:00  Spine Crawler  
  24  3:01  Drone x3  
  24  3:05  Overlord  
  26  3:21  Zergling x2  
  26  3:26  Lair  
  27  3:40  Roach x3  
  33  3:45  Zergling x4  
  33  3:46  Roach  
  37  3:49  Roach  
  39  3:58  Queen  
  41  4:05  Zergling x2  
  41  4:06  Zergling x2  
  45  4:10  Roach  
  45  4:14  Roach  
  47  4:20  Drone x2  
  47  4:23  Drone  
  50  4:27  Drone  
  51  4:42  Spine Crawler  
  50  4:49  Spine Crawler  
  50  4:52  Hydralisk Den  
  48  5:02  Spire, Drone  
  48  5:06  Drone  
  49  5:08  Drone  
  49  5:13  Overlord  
  50  5:19  Overlord  
  50  5:26  Overlord  
  50  5:37  Hydralisk  
  50  5:38  Hydralisk  
  54  5:43  Hydralisk  
  54  5:48  Hydralisk  
  58  5:54  Drone  
  58  5:55  Drone  
  60  6:09  Drone x4  
  60  6:10  Drone x2  
  66  6:22  Extractor  
  66  6:25  Extractor  
  64  6:28  Extractor, Drone x4  
  67  6:49  Ravager x2  
  69  6:57  Ravager  
  69  7:00  Overlord  
  69  7:01  Overlord x2  
  70  7:03  Overlord  
  70  7:31  Drone x5  
  75  7:38  Hydralisk x4  
  75  7:42  Hydralisk  
  85  7:58  Mutalisk  
  85  8:01  Mutalisk  
  89  8:13  Grooved Spines  
  89  8:30  Zerg Flyer Weapons Level 1  
  89  8:32  Mutalisk  
  91  8:38  Mutalisk  
  93  8:56  Hatchery  
  92  9:03  Mutalisk x2  
  92  9:05  Extractor  
  92  9:06  Extractor  
  92  9:08  Corruptor  
  96  9:14  Corruptor  
  98  9:50  Corruptor x3  
  104  9:56  Zergling x2  
  104  9:57  Overlord  
  104  9:58  Overlord x2  
  105  10:12  Queen  
  107  10:31  Infestation Pit  
  106  10:44  Mutalisk x4  
  106  10:45  Mutalisk x3  
  106  10:48  Corruptor  
  122  10:53  Corruptor  
  124  11:01  Overlord  
  124  11:02  Overlord x2  
  124  11:08  Hive  
  124  11:10  Overlord x2  
  124  11:11  Overlord  
  124  11:17  Corruptor  
  127  11:25  Drone  
  127  11:26  Drone  
  127  11:27  Drone  
  127  11:30  Drone  
  131  11:40  Drone x3  
  133  11:57  Drone x3  
  133  11:58  Drone  
  137  12:08  Corruptor x2  
  141  12:23  Greater Spire  
  141  12:29  Ultralisk Cavern  
  140  12:39  Overlord x5  
  140  12:50  Drone x3  
  143  12:51  Drone  
  111  13:26  Zergling x6  
  109  13:27  Zergling x6  
  84  14:08  Ultralisk x2  
  84  14:09  Ultralisk  
  88  14:10  Mutalisk x3  
  87  14:30  Brood Lord  
  87  14:31  Brood Lord x2  
  93  14:39  Brood Lord  
  95  15:04  Zergling x6  
  95  15:05  Zergling x6  
  101  15:32  Roach x2  
  105  15:42  Hydralisk x2  
  105  15:43  Hydralisk x2  
  105  15:48  Hydralisk x4  
  121  15:51  Hydralisk  
  123  16:11  Hatchery  
  122  16:30  Hydralisk x4  
  130  17:02  Hydralisk x3  
  130  17:03  Mutalisk x3  
  142  17:15  Corruptor  
  144  17:26  Drone x2  
  144  17:27  Drone x3  
  103  18:04  Hydralisk x3  
  103  18:05  Hydralisk x5  
  61  18:38  Hydralisk x5  
  61  18:39  Hydralisk x3  
  77  19:06  Hydralisk x5  
  19  20:04  Mutalisk x2  
  19  20:05  Mutalisk  
  1  21:05  Spine Crawler  
Show
View Real Time Build Order
Export as new Build Order

nsbd Terran - Winner!

Build Orders:  

Get SALT Encoding   

  12  0:01  SCV  
  13  0:13  SCV  
  14  0:18  Supply Depot  
  14  0:25  SCV  
  15  0:40  SCV  
  15  0:41  Barracks  
  16  0:52  SCV  
  16  0:55  Supply Depot  
  18  1:04  SCV  
  18  1:16  SCV  
  19  1:23  Refinery  
  19  1:29  Marine  
  20  1:35  Refinery  
  20  1:41  Engineering Bay  
  20  1:52  Marine  
  21  2:00  Orbital Command  
  21  2:23  Terran Infantry Weapons Level 1  
  21  2:27  Marine  
  21  2:29  SCV  
  23  2:42  SCV  
  24  2:44  Marine  
  24  2:51  Command Center  
  25  3:03  SCV  
  26  3:11  Bunker  
  26  3:14  Barracks Reactor  
  26  3:16  SCV  
  27  3:28  SCV  
  28  3:40  SCV  
  29  3:52  SCV, Factory  
  30  4:04  SCV  
  31  4:12  Missile Turret  
  31  4:16  Sensor Tower  
  31  4:17  Terran Infantry Armor Level 1  
  31  4:26  Marine x2  
  31  4:27  Barracks  
  31  4:28  Barracks  
  31  4:30  Barracks  
  33  4:33  Missile Turret  
  33  4:43  SCV  
  33  4:44  Marine x2  
  36  4:55  SCV  
  36  4:58  SCV  
  38  5:02  Marine x2  
  38  5:05  Refinery  
  40  5:07  SCV  
  40  5:09  Bunker  
  40  5:10  SCV  
  40  5:13  Factory Tech Lab  
  42  5:18  Barracks Tech Lab  
  42  5:19  SCV, Barracks Reactor  
  42  5:20  Barracks Reactor  
  43  5:22  SCV  
  43  5:35  SCV  
  44  5:41  Marine  
  44  5:42  Marine  
  46  5:57  Supply Depot  
  46  6:01  Supply Depot  
  46  6:02  Supply Depot  
  46  6:04  Supply Depot  
  46  6:06  Supply Depot  
  46  6:18  Marine x2, Orbital Command  
  46  6:19  Siege Tank, SCV  
  52  6:31  SCV  
  53  6:36  Marine x2  
  53  6:37  Supply Depot  
  55  6:41  Starport  
  55  6:43  SCV  
  55  6:45  Starport  
  56  6:48  SCV  
  57  6:54  Marine x2  
  57  6:55  SCV, Marauder, Refinery  
  57  6:56  Marine x3  
  57  6:57  Marine  
  57  7:00  SCV  
  57  7:01  Widow Mine  
  69  7:07  SCV  
  70  7:17  Marauder  
  70  7:22  Widow Mine  
  74  7:36  Starport Tech Lab  
  74  7:38  Marauder  
  74  7:44  Starport Tech Lab  
  76  7:51  Missile Turret  
  76  7:52  Missile Turret  
  76  7:53  Missile Turret  
  76  7:56  Armory  
  76  7:59  Marauder  
  78  8:15  Command Center  
  78  8:20  Missile Turret  
  78  8:21  Marauder, Missile Turret  
  78  8:22  Missile Turret  
  78  8:24  Missile Turret  
  80  8:38  Marine x4  
  80  8:39  Marine x2  
  86  8:42  Marauder  
  88  8:49  Supply Depot x2  
  88  8:51  Supply Depot  
  88  8:56  Marine  
  89  9:03  Refinery  
  89  9:10  Refinery  
  89  9:11  Banshee x2  
  89  9:12  Supply Depot  
  95  9:29  Planetary Fortress  
  95  9:53  Banshee x2  
  101  10:18  Starport, Terran Infantry Weapons Level 2  
  101  10:20  Starport  
  101  10:23  Terran Vehicle Weapons Level 1  
  101  10:33  Combat Shield  
  101  10:36  Banshee x2  
  107  10:58  Starport Reactor  
  107  11:13  Starport Reactor  
  107  11:16  Starport Tech Lab  
  107  11:19  Banshee x2  
  113  11:49  Medivac  
  113  11:50  Medivac x2  
  113  11:52  Stimpack  
  119  12:00  Supply Depot  
  119  12:02  Banshee x2  
  119  12:03  Supply Depot  
  125  12:17  Terran Vehicle And Ship Armor Level 1  
  125  12:19  Medivac  
  125  12:20  Medivac x2  
  131  12:26  Marauder  
  131  12:27  Marine x2  
  131  12:28  Marine x4  
  139  12:31  SCV  
  139  12:33  Terran Infantry Armor Level 2  
  140  12:38  Supply Depot  
  140  12:40  Supply Depot x2  
  140  12:41  Supply Depot  
  140  12:45  Marine x3, Banshee  
  140  12:46  Marine x3  
  140  12:48  Marauder  
  140  12:49  Medivac  
  158  13:02  Supply Depot  
  158  13:03  Marine  
  158  13:05  Cloaking Field  
  158  13:09  Marauder  
  108  13:22  Viking x4  
  89  13:27  Banshee  
  89  13:31  Marauder  
  94  13:34  Marine  
  94  13:35  Marine  
  92  13:52  Marauder, Viking x4  
  78  14:10  Banshee  
  78  14:11  Terran Ship Weapons Level 1  
  78  14:13  Marauder  
  80  14:22  Viking x4  
  88  14:29  Marine  
  89  14:35  Marauder  
  91  14:43  Missile Turret  
  91  14:52  Viking x4  
  97  14:53  Viking  
  97  14:56  Command Center, Marauder  
  103  15:04  Missile Turret  
  103  15:17  Marauder  
  103  15:20  Missile Turret  
  105  15:22  Viking x4  
  105  15:23  Viking, Thor  
  121  15:40  Missile Turret  
  121  15:48  Marine, Marauder  
  124  15:52  Viking x4  
  132  16:00  Missile Turret  
  132  16:06  Thor  
  132  16:10  Marauder  
  140  16:20  Sensor Tower  
  140  16:21  Refinery  
  140  16:22  Orbital Command  
  140  16:31  Marauder  
  142  16:41  Marine x3  
  142  16:42  Marine x3  
  148  16:49  Concussive Shells  
  148  16:53  Marauder  
  150  16:59  Marine x5, Refinery  
  150  17:00  Marine  
  156  17:13  Marine  
  157  17:17  Marine x6  
  163  17:31  Marine  
  163  17:34  Marine  
  163  17:35  Marine x5  
  163  17:36  Thor  
  176  17:49  Marine  
  171  17:52  Marine x2  
  171  17:53  Marine x3  
  133  18:11  Marine x6  
  133  18:12  Marine  
  124  18:19  Thor  
  130  18:28  Marine  
  130  18:29  Marine x6  
  134  18:53  Marine x5  
  134  18:54  Marine x2  
  141  19:02  Thor  
  147  19:11  Marine x2  
  116  19:27  Medivac  
  116  19:29  Viking x3  
  116  19:30  Viking  
  119  19:47  Marine x4  
  119  19:48  Marine x3  
  126  19:57  Viking  
  126  19:59  Viking x3  
  169  20:00  Viking  
  134  20:05  Marine  
  137  20:24  Marine x5  
  137  20:25  Marine x2  
  137  20:27  Viking  
  145  20:29  Viking x4  
  150  20:42  Marine x6  
  154  20:43  Marine  
  157  20:59  Marine  
  157  21:00  Marine x6  
  164  21:17  Marine x2  
  164  21:18  Marine x5  
Tags
 
Add a new tag
Caveats
  • Supply blocks, unpowered buildings, or Contaminate may cause inaccurate times.
  • Supply counts are checked every 10 seconds.